 Dungeon Crawl Stone Soup version 0.27-a0-1230-gfc7c993222 (webtiles) character file.

Game seed: 2241742676697828973

111 DeathSun the Firebug (level 4, 0/33 HPs)
             Began as a Draconian Fire Elementalist on June 8, 2021.
             Killed from afar by Ijyb (13 damage)
             ... with an iceblast
             ... on level 4 of the Dungeon.
             The game lasted 00:08:51 (2765 turns).

DeathSun the Firebug (Draconian Fire Elementalist)  Turns: 2765, Time: 00:08:52

Health: 0/33       AC:  5    Str: 16    XL:     4   Next: 62%
Magic:  2/7        EV: 12    Int: 17    God:
Gold:   97         SH:  0    Dex: 11    Spells: 6/7 levels left

rFire    . . .     SeeInvis .   a - +1 mace (holy)
rCold    . . .     Faith    .   (no shield)
rNeg     . . .     Spirit   .   (armour unavailable)
rPois    .         Reflect  .   (helmet restricted)
rElec    .         Harm     .   (no cloak)
rCorr    .         Rampage  .   (no gloves)
Will     .....                  (no boots)
Stlth    ++........             (no amulet)
HPRegen  0.11/turn              c - +6 ring of strength
MPRegen  0.10/turn              (no ring)

@: no status effects
A: AC +5, unfitting armour, cold-blooded
a: no special abilities


You were on level 4 of the Dungeon.
You visited 1 branch of the dungeon, and saw 4 of its levels.

You collected 97 gold pieces.

Inventory:

Hand Weapons
 a - a +1 mace of holy wrath (weapon)
Jewellery
 c - a +6 ring of strength (left hand)
Wands
 p - a wand of paralysis (9)
Scrolls
 b - a scroll of fear {unknown}
 e - a scroll of silence {unknown}
 f - a scroll of identify {unknown}
 g - a scroll of holy word {unknown}
 j - a scroll of enchant armour {unknown}
 k - a scroll of noise {unknown}
 o - a scroll of magic mapping {unknown}
 q - a scroll of blinking {unknown}
Potions
 d - 3 potions of curing {unknown}
 h - a potion of invisibility {unknown}
 i - a potion of magic {unknown}
 l - 2 potions of degeneration {unknown}
 m - a potion of might {unknown}
 n - a potion of brilliance {unknown}
 r - a potion of flight {unknown}


   Skills:
 - Level 1.7 Dodging
 - Level 1.7 Stealth
 - Level 2.0 Spellcasting
 * Level 3.7 Conjurations
 + Level 3.9 Fire Magic


You had 6 spell levels left.
You knew the following spells:

 Your Spells              Type           Power      Damage    Failure   Level
a - Foxfire               Conj/Fire      56%        2x1d6     4%          1

Your spell library contained the following spells:

 Spells                   Type           Power      Damage    Failure   Level
 Conjure Flame            Conj/Fire      14%        6-21      12%         3
 Inner Flame              Hex/Fire       8%         N/A       26%         3
 Sticky Flame             Conj/Fire      14%        2d4       36%         4
 Fireball                 Conj/Fire      7%         3d5       73%         5


Dungeon Overview and Level Annotations

Branches:
Dungeon (4/15)
 Temple: D:4-7

Altars:

Annotations:
D:4 Ijyb


Innate Abilities, Weirdness & Mutations

Your plain brown scales are hard. (AC +5)
You cannot fit into any form of body armour.
You are cold-blooded and may be slowed by cold attacks.


Message History

The foxfire hits Ijyb.
Ijyb is lightly wounded.
The foxfire hits Ijyb but does no damage.
Ijyb is lightly wounded.
Casting: Foxfire (safe; 4% risk of failure)
Confirm with . or Enter, or press ? or * to list all spells.
You conjure some foxfire!
The foxfire hits Ijyb.
Ijyb is moderately wounded.
The foxfire hits Ijyb.
Ijyb is moderately wounded.
Ijyb zaps a wand.
The mass of ice explodes!
The iceblast engulfs you.
Casting: Foxfire (safe; 4% risk of failure)
Confirm with . or Enter, or press ? or * to list all spells.
You conjure some foxfire!
The foxfire hits Ijyb.
Ijyb is heavily wounded.
The foxfire hits Ijyb but does no damage.
Ijyb is heavily wounded.
Ijyb zaps a wand.
The mass of ice explodes!
The iceblast engulfs you!
Casting: Foxfire (safe; 4% risk of failure)
Confirm with . or Enter, or press ? or * to list all spells.
You conjure some foxfire!
Ijyb screams, "I cut your head off!"
The foxfire hits Ijyb.
Ijyb is heavily wounded.
The foxfire hits Ijyb but does no damage.
Ijyb is heavily wounded.
Casting: Foxfire (safe; 4% risk of failure)
Confirm with . or Enter, or press ? or * to list all spells.
You conjure some foxfire!
Ijyb zaps a wand.
The mass of ice explodes!
The iceblast engulfs your foxfire! The iceblast engulfs you.
The iceblast engulfs your foxfire!!
The foxfire hits Ijyb but does no damage.
Ijyb is heavily wounded.
Casting: Foxfire (safe; 4% risk of failure)
Confirm with . or Enter, or press ? or * to list all spells.
You conjure some foxfire!
Ijyb zaps a wand.
The mass of ice explodes!
The iceblast engulfs your foxfire! The iceblast engulfs you!
You die...

#...........#
#...........#
#............ #
#............ #. #<# #
#.# #.# ...##.######
...
..........v#########.##
..!.....g§v@......<#.#
.####......#########.#
######## #.# #..


You could see Ijyb (ally target).

Vanquished Creatures
  2 adders (D:3)
  2 dart slugs
  An orc (D:3)
  9 bats
  13 endoplasms
  4 giant cockroaches
  6 goblins
  6 hobgoblins
  6 jackals
  6 kobolds
  3 quokkas
  6 ball pythons
  3 frilled lizards
  7 rats
74 creatures vanquished.

Vanquished Creatures (others)
  85 foxfires
  2 plants (D:1)
87 creatures vanquished.

Grand Total: 161 creatures vanquished

Notes
Turn   | Place    | Note
-------+----------+-------------------------------------------
     0 | D:1      | DeathSun the Draconian Fire Elementalist began the quest
                  | for the Orb.
     0 | D:1      | Reached XP level 1. HP: 14/14 MP: 3/3
   173 | D:1      | Reached XP level 2. HP: 20/20 MP: 3/5
   283 | D:1      | Found a faded altar of an unknown god.
   727 | D:1      | Reached XP level 3. HP: 20/26 MP: 3/6
  1635 | D:2      | Reached XP level 4. HP: 32/33 MP: 7/7
  2754 | D:4      | Noticed Ijyb
  2765 | D:4      | Killed from afar by Ijyb

Illustrated notes

Levels and vault maps discovered:
D:1:      dpeg_arrival_fog, layout_rooms, hellmonk_ecumenical_altar_zigzags,
          hex_medium, serial_bayou_pond_b
D:2:      layout_loops_ring, minmay_octomino_e4
D:3:      layout_basic, minmay_misc_feat_rows, minmay_distorted
D:4:      minmay_opposing_rooms, layout_basic, gup_sewer_entry_spiral,
          serial_shops, kennysheep_little_box, saegor_snake_ambush, uniq_ijyb

Skill      XL: |  1  2  3 |
---------------+----------+-----
Conjurations   | 2 3 |  3.7
Dodging        | |  1.7
Stealth        | |  1.7
Spellcasting   | |  2.0
Fire Magic     | |  3.9

Action                   |  1- 3 |  4- 6 || total
-------------------------+-------+-------++-------
Melee: Unarmed           |     1 |       ||     1
       Mace              |    74 |    34 ||   108
       Tailslap          |     4 |     7 ||    11
 Cast: Foxfire           |    35 |    23 ||    58
 Stab: Sleeping          |     2 |       ||     2
Armor: Skin              |    35 |    15 ||    50
Dodge: Dodged            |    71 |    26 ||    97

Table legend: (Time is in decaauts)
 A = Elapsed time spent in this place.
 B = Non-inter-level travel time spent in this place.
 C = Inter-level travel time spent in this place.
 D = Time resting spent in this place.
 E = Time spent auto-exploring this place.
 F = Levels seen in this place.
 G = Mean time per level.
                   A        B        C        D        E       F      G
               +--------+--------+--------+--------+--------+-----+--------+
         Total |   2816 |   2690 |    126 |    271 |   1821 |   4 |  704.0 |
       Dungeon |   2816 |   2690 |    126 |    271 |   1821 |   4 |  704.0 |
               +--------+--------+--------+--------+--------+-----+--------+

Top non-repeatable levels by time:
     D:1: 1048 daAuts
     D:2: 987 daAuts
     D:3: 726 daAuts
     D:4: 53 daAuts
